 Dungeon Crawl Stone Soup version 0.30-a0-778-g2ef04afb54 (console) character file.

Game seed: 10131067049599452154

37 rlgrobin the Chopper (level 3, -7/31 HPs)
             Began as a Meteoran Fighter on Feb 15, 2023.
             Killed by divine providence
             ... invoked by an orc priest
              (11 damage)
             ... on level 3 of the Dungeon.
             The game lasted 00:00:50 (174 turns).

rlgrobin the Chopper (Meteoran Fighter)              Turns: 174, Time: 00:00:50

Health: -7/31      AC:  6    Str: 20    XL:     3   Next: 88%
Magic:  4/4        EV:  9    Int:  9    God:
Gold:   0          SH:  5    Dex: 13    Spells: 2/2 levels left

rFire   . . .      SeeInvis .    a - +0 war axe
rCold   . . .      Faith    .    c - +0 buckler
rNeg    . . .      Spirit   .    b - +0 scale mail
rPois   .          Reflect  .    (no helmet)
rElec   .          Harm     .    (no cloak)
rCorr   .          Rampage  .    (no gloves)
Will    .....                    (no boots) Stlth
                                 (no amulet)
HPRegen 0.25/turn                (no ring)
MPRegen 0.09/turn                (no ring)

@: glowing
A: sense surroundings 1, otherworldly, glowing, explore regen
a: no special abilities


You were on level 3 of the Dungeon.
You visited 1 branch of the dungeon, and saw 3 of its levels.

Inventory:

Hand Weapons
 a - a +0 war axe (weapon)
Armour
 b - a +0 scale mail (worn)
 c - a +0 buckler (worn)
Scrolls
 e - a scroll of teleportation {unknown}
 f - a scroll of identify {unknown}
Potions
 d - a potion of might
 g - a potion of attraction {unknown}
 h - 2 potions of mutation {unknown}


   Skills:
 - Level 3.2 Fighting
 + Level 4.5 Axes
 - Level 3.6 Armour
 - Level 3.6 Shields


You had 2 spell levels left.
You didn't know any spells.
Your spell library was empty.

Dungeon Overview and Level Annotations

Branches:
Dungeon (3/15) Zot: 1613

Altars:


Innate Abilities, Weirdness & Mutations

You passively map a small area around you.
You are easily found by Zot.
You glow in the dark.
You regain HP and MP as you explore.


Message History

Your experience leads to an increase in your attributes!
Increase (S)trength, (I)ntelligence, or (D)exterity?
You feel stronger. x3
You barely miss the gnoll. The gnoll hits you with a +0 club!
* * * LOW HITPOINT WARNING * * *
You slash the gnoll!
The gnoll is almost dead.
You hear a shout! x2
An orc priest comes into view. It is wielding a +0 hand axe.
The gnoll hits you with a +0 club.
* * * LOW HITPOINT WARNING * * *
The gnoll closely misses you.
You hear a shout!
You barely miss the gnoll.
The gnoll is almost dead.
The gnoll hits you with a +0 club.
* * * LOW HITPOINT WARNING * * *
You hit the gnoll.
You kill the gnoll!
You hit the orc priest.
The orc priest is moderately wounded.
The orc priest hits you but does no damage.
You hit the orc.
The orc is heavily wounded.
The orc hits you but does no damage.
An orc wizard comes into view. It is wielding a +0 dagger.
You closely miss the orc.
The orc is heavily wounded.
The orc wizard shouts!
You block the orc's attack.
You slash the orc!
You kill the orc!
An orc priest comes into view. It is wielding a +0 dagger.
The orc priest closely misses you.
You slash the orc priest!
The orc priest is severely wounded.
The orc priest casts a cantrip, but nothing happens.
The orc priest mumbles some strange prayers to Beogh against you.
Beogh smites you!
You die...

### #..# #.o...
...##
#.##..,.... ,
##.##.##...* *
, , .o.... ..
,, , ,
*#o##.#*.# , ,
##.####@##.##.#
..............#
*
.#####.##...###
#....).#
#......#
#..<.#.#
#....#.#
.......#.# *
#........#.. ,
,


You could see 2 orc priests and an orc wizard.

Vanquished Creatures
  3 gnolls (D:3)
  An orc (D:3)
  2 goblins
  A hobgoblin (D:1)
  A quokka (D:3)
  A rat (D:1)
9 creatures vanquished.

Notes
Turn   | Place    | Note
-------+----------+-------------------------------------------
     0 | D:1      | rlgrobin the Meteoran Fighter began the quest for the Orb.
     0 | D:1      | Reached XP level 1. HP: 19/19 MP: 2/2
   147 | D:3      | Reached skill level 3 in Axes
   147 | D:3      | Reached XP level 2. HP: 25/26 MP: 3/3
   166 | D:3      | Reached skill level 4 in Axes
   166 | D:3      | Reached XP level 3. HP: 12/31 MP: 4/4
   174 | D:3      | Killed from afar by an orc priest

Illustrated notes

Levels and vault maps discovered:
D:1:      co_arrival_random_square_maze, layout_loops_ring
D:2:      layout_basic, uniq_robin
D:3:      layout_loops_ring, shapermc_ecumenical_altar_acropolis,
          eino_tiny_chamber

Skill      XL: |  1  2 |
---------------+-------+-----
Axes           | 3 4 |  4.5
Fighting       | |  3.2
Armour         | |  3.6
Shields        | |  3.6

Action                     || total
---------------------------++-------
  Melee: War axe           ||    30
 Armour: Scale mail        ||    10
  Dodge: Dodged            ||    11
  Block: Buckler           ||     8

Table legend: (Time is in decaauts)
 A = Elapsed time spent in this place.
 B = Non-inter-level travel time spent in this place.
 C = Inter-level travel time spent in this place.
 D = Time resting spent in this place.
 E = Time spent auto-exploring this place.
 F = Levels seen in this place.
 G = Mean time per level.
                   A        B        C        D        E       F      G
               +--------+--------+--------+--------+--------+-----+--------+
         Total |    184 |    184 |      0 |      0 |      0 |   3 |   61.3 |
       Dungeon |    184 |    184 |      0 |      0 |      0 |   3 |   61.3 |
               +--------+--------+--------+--------+--------+-----+--------+

Top non-repeatable levels by time:
     D:1: 95 daAuts
     D:3: 45 daAuts
     D:2: 43 daAuts
